 Dungeon Crawl Stone Soup version 0.31-a0-765-g67fe2935dc (webtiles) character file.

Game seed: 11323760762851534710

39 LeprechaunX the Changeling (level 3, -3/23 HPs)
             Began as an Octopode Shapeshifter on Sept 15, 2023.
             Slain by a gnoll
             ... wielding a +0 halberd
              (7 damage)
             ... on level 2 of the Dungeon.
             The game lasted 00:01:13 (934 turns).

LeprechaunX the Changeling (Octopode Shapeshifter)   Turns: 934, Time: 00:01:13

Health: -3/23      AC:  1    Str: 15    XL:     3   Next: 45%
Magic:  3/3        EV: 13    Int: 12    God:
Gold:   58         SH:  0    Dex: 11    Spells: 2/2 levels left

rFire   . . .        k - +1 short sword (speed)
rCold   . . .        (no shield)
rNeg    . . .        (helmet currently unavailable)
rPois   .            (no amulet)
rElec   .            (no ring)
rCorr   .            (no ring)
SInv    .            (no ring)
Will    .....        (no ring)
Stlth   ++           (no ring)
HPRegen 0.23/turn    (no ring)
MPRegen 0.08/turn    (no ring)
                     (no ring)

%: no passive effects
@: beast-form
A: beast (slay +2), almost no armour, amphibious, 8 rings, camouflage 1,
gelatinous body 1, (nimble swimmer 1), tentacles
a: Begin Untransformation


You were on level 2 of the Dungeon.
You were a hulking beast.
You visited 1 branch of the dungeon, and saw 2 of its levels.

You collected 58 gold pieces.

Inventory:

Hand Weapons
 k - a +1 short sword of speed (weapon)
 l - a +0 battleaxe
Talismans
 b - a beast talisman (active)
 c - a flux talisman
 j - a storm talisman
Scrolls
 e - a scroll of immolation {unknown}
 f - a scroll of blinking {unknown}
 i - a scroll of identify {unknown}
 m - a scroll of teleportation {unknown}
 n - a scroll of brand weapon {unknown}
 o - a scroll of fog {unknown}
 q - a scroll of fear {unknown}
Potions
 a - 2 potions of lignification
 d - a potion of curing {unknown}
 g - a potion of mutation {unknown}
 h - a potion of brilliance {unknown}
 p - a potion of heal wounds {unknown}


   Skills:
 + Level 1.6 Fighting
 + Level 2.4 Dodging
 + Level 3.3 Unarmed Combat
 * Level 3.5 Shapeshifting


You had 2 spell levels left.
You didn't know any spells.
Your spell library contained the following spells:

 Spells                   Type           Power      Damage    Failure   Level
 Magic Dart               Conj           0%         1d3       32%         1
 Call Imp                 Summ           0%         N/A       45%         2
 Mephitic Cloud           Conj/Pois/Air  0%         N/A       69%         3


Dungeon Overview and Level Annotations

Branches:
Dungeon (2/15)

Altars:
Makhleb


Innate Abilities, Weirdness & Mutations

You are a hulking beast.
Your limbs bulge with bestial killing power. (Slay +2)
You cannot wear most types of armour.
You are amphibious.
You can wear up to eight rings at the same time.
Your skin changes colour to match your surroundings (Stealth+).
Your rubbery body absorbs attacks. (AC +1, EV +1)
((You are camouflaged when in or above water. (Stealth+)))
You have tentacles for arms and can constrict up to eight enemies at once.


Message History

You constrict the gnoll. The gnoll barely misses you.
You release your grip on the gnoll.
You hit the gnoll. You grab the gnoll. You squeeze the gnoll.
The gnoll is almost dead.
You constrict the gnoll, but do no damage.
The gnoll hits you with a +0 club.
You release your grip on the gnoll.
You closely miss the gnoll. Your grab misses the gnoll.
Your squeeze misses the gnoll.
The gnoll is almost dead.
The gnoll barely misses you.
You barely miss the gnoll. Your grab misses the gnoll. You squeeze the gnoll.
You kill the gnoll!
You have reached level 3!
Your experience leads to an increase in your attributes!
Increase (S)trength, (I)ntelligence, or (D)exterity?
You feel stronger. x2
You barely miss the gnoll. Your grab misses the gnoll. You hit the gnoll.
Your grab misses the gnoll. You squeeze the gnoll.
The gnoll is lightly wounded.
The gnoll closely misses you.
You barely miss the gnoll. Your grab misses the gnoll. You squeeze the gnoll.
The gnoll is moderately wounded.
The gnoll hits you from afar with a +0 halberd.
The gnoll closely misses you.
You closely miss the gnoll. Your grab misses the gnoll.
The gnoll is moderately wounded.
The gnoll barely misses you.
You closely miss the gnoll. You grab the gnoll. You squeeze the gnoll!
You kill the gnoll!
The gnoll hits you with a +0 halberd!
Ouch! That really hurt!
* * * LOW HITPOINT WARNING * * *
Things that are here:
a +0 whip; a +0 club You barely miss the gnoll.
Your grab misses the gnoll. Your squeeze misses the gnoll.
The gnoll completely misses you.
You closely miss the gnoll. Your grab misses the gnoll.
The gnoll hits you with a +0 halberd!
You die...

#.# #.# #.# #.# #.# #.# #.#
#.# #.# # #.# #.# #.# ##.
#.# #.# #.#
###...###.####.###.#
..........gh....##.##
###...##.#####..##..########
##. #.# #.............. #
#.# #..)...#.####.# #.#
#..._..#.# #.# #.#
#........# #.# #..
.........### #.# ###
#####.#### #.# #.# #..


You could see a gnoll.

Vanquished Creatures
  2 gnolls (D:2)
  A ball python (D:1)
  2 bats
  An endoplasm (D:1)
  3 hobgoblins
  A quokka (D:1)
  4 frilled lizards
  2 goblins (D:1)
  2 kobolds
  3 rats
21 creatures vanquished.

Notes
Turn   | Place    | Note
-------+----------+-------------------------------------------
     0 | D:1      | LeprechaunX the Octopode Shapeshifter began the quest for
                  | the Orb.
     0 | D:1      | Reached XP level 1. HP: 13/13 MP: 1/1
   266 | D:1      | Reached XP level 2. HP: 15/18 MP: 2/2
   890 | D:2      | Found a burning altar of Makhleb.
   927 | D:2      | Reached XP level 3. HP: 17/23 MP: 3/3
   934 | D:2      | Slain by a gnoll

Illustrated notes

Levels and vault maps discovered:
D:1:      evilmike_arrival_come_back, layout_basic, st_stairs_9
D:2:      layout_loops_ring, basic_altar, ebering_ecumenical_altar_webs

Action                     || total
---------------------------++-------
  Melee: Unarmed           ||    14
         Constrict         ||    11
         Tentacles         ||     9
         Short sword       ||    27
         Punch             ||     1
   Stab: Sleeping          ||     3
 Armour: Skin              ||     7
  Dodge: Dodged            ||    20

Table legend: (Time is in decaauts)
 A = Elapsed time spent in this place.
 B = Non-inter-level travel time spent in this place.
 C = Inter-level travel time spent in this place.
 D = Time resting spent in this place.
 E = Time spent auto-exploring this place.
 F = Levels seen in this place.
 G = Mean time per level.
                   A        B        C        D        E       F      G
               +--------+--------+--------+--------+--------+-----+--------+
         Total |    923 |    908 |     15 |      0 |    736 |   2 |  461.5 |
       Dungeon |    923 |    908 |     15 |      0 |    736 |   2 |  461.5 |
               +--------+--------+--------+--------+--------+-----+--------+

Top non-repeatable levels by time:
     D:1: 809 daAuts
     D:2: 114 daAuts
